 Dungeon Crawl Stone Soup version 0.26-a0-639-g72c4674329 (webtiles) character file.

Game seed: 17119804249794771973

3093038 Flugslaktarn the Warrior (level 21, 153/220 HPs)
             Began as a Deep Dwarf Fighter on Sept 25, 2020.
             Was the Champion of Makhleb.
             Escaped with the Orb
             ... and 3 runes!
             The game lasted 00:22:08 (22839 turns).

Flugslaktarn the Warrior (Deep Dwarf Fighter)      Turns: 22839, Time: 00:22:09

Health: 153/220    AC: 41    Str: 19    XL:     21   Next: 33%
Magic:  8/8        EV: 14    Int: 10    God:    Makhleb [******]
Gold:   1613       SH: 15    Dex: 15    Spells: 20/20 levels left

rFire    + . .     SeeInvis .   s - +8 broad axe (protect)
rCold    + . .     Faith    +   v - +1 kite shield {rC+ rF+}
rNeg     + . .     Spirit   .   B - +4 storm dragon scales {Bai Suzhen}
rPois    +         Reflect  .   a - +2 helmet {Int+3}
rElec    +         Harm     .   u - +2 cloak
rCorr    .         Rampage  .   D - +2 pair of gloves
MR       +++..     Rnd*Tele +   L - +2 pair of boots
Stlth    ..........             G - amulet of faith
HPRegen  0.00/turn              o - ring of poison resistance
MPRegen  0.11/turn              p - +4 ring of protection

@: non-regenerating
A: damage resistance, heal wounds, clumsy 1, dopey 2, low mp 2, negative energy
resistance 1, sense surroundings 3, screaming 2, teleportitis 2, weak 2, no
potion heal 2, no regeneration
0: Orb of Zot
}: 3/15 runes: decaying, abyssal, gossamer
a: Heal Wounds, Minor Destruction, Lesser Servant of Makhleb, Major Destruction,
Greater Servant of Makhleb, Renounce Religion


You escaped.
You worshipped Makhleb.
Makhleb was exalted by your worship.
You visited 8 branches of the dungeon, and saw 40 of its levels.
You visited the Abyss 1 time.

You collected 2937 gold pieces.
You spent 1324 gold pieces at shops.

Inventory:

Hand Weapons
 s - a +8 broad axe of protection (weapon)
   (You found it on level 3 of the Dungeon)
Missiles
 b - 3 throwing nets (quivered)
Armour
 a - a +2 helmet of intelligence (worn)
   (You acquired it on level 9 of the Dungeon)
 u - a +2 cloak (worn)
   (You found it on level 4 of the Dungeon)
 v - a +1 kite shield of resistance (worn)
   (You took it off a tengu warrior on level 13 of the Dungeon)
 B - +4 storm dragon scales (worn) {Bai Suzhen}
   (You found it on level 3 of the Depths)
 D - a +2 pair of gloves (worn)
   (You found it on level 4 of the Dungeon)
 L - a +2 pair of boots (worn)
   (You found it on level 2 of the Depths)
Jewellery
 f - an uncursed ring of protection from fire
   (You found it on level 2 of the Dungeon)
 i - the ring of Trepidation {rC+ Stlth-, unknown}
   (You found it on level 2 of the Realm of Zot)

   [ring of attention]

   It protects you from cold.
   It makes you less stealthy.
 o - a ring of poison resistance (left hand)
   (You took it off an orc wizard on level 12 of the Dungeon)
 p - a +4 ring of protection (right hand)
   (You found it on level 2 of the Dungeon)
 G - an amulet of faith (around neck)
   (You found it on level 9 of the Dungeon)
Wands
 c - a wand of enslavement (17)
   (You found it on level 14 of the Dungeon)
 k - a wand of acid (39)
   (You found it on level 4 of the Dungeon)
 l - a wand of iceblast (36)
   (You found it on level 4 of the Dungeon)
Scrolls
 e - 2 scrolls of fog
 r - 8 scrolls of identify
 t - 7 scrolls of teleportation
 x - 14 scrolls of remove curse
 y - 5 scrolls of immolation
 H - 2 scrolls of fear
 J - 2 scrolls of holy word
Potions
 d - 3 potions of might
 g - 3 potions of magic
 m - 6 potions of ambrosia
 n - 5 potions of resistance
 q - 8 potions of curing
 w - 5 potions of heal wounds
 A - a potion of berserk rage
 C - 6 potions of mutation
 I - 2 potions of lignification
 K - a potion of flight
Miscellaneous
 F - a condenser vane (2/2)
   (You found it on level 2 of the Lair of Beasts)


   Skills:
 * Level 20.3 Fighting
 - Level 18.0 Axes
 + Level 17.7 Armour
 - Level 11.0 Dodging
 - Level 15.0 Shields
 - Level 15.0 Invocations
 - Level 10.0 Evocations


You had 20 spell levels left.
You didn't know any spells.
Your spell library was empty.

Dungeon Overview and Level Annotations

Branches:
Dungeon (15/15)            Temple (1/1) D:5            Lair (4/6) D:11
  Swamp (4/4) Lair:4       Spider (4/4) Lair:4          Orc (2/2) D:12
    Elf (0/3) Orc:2        Vaults (0/5) D:14         Depths (5/5) D:15
    Zot (5/5) Depths:5

Altars:
Ashenzari
Cheibriados
Dithmenos
Elyvilon
Fedhas
Gozag
Hepliaklqana
Kikubaaqudgha
Makhleb
Okawaru
Qazlal
Ru
Sif Muna
Trog
Uskayaw
Vehumet
Wu Jian
Xom
Yredelemnul
Zin
The Shining One

Shops:
D:9 (   D:12 !   D:13 *   D:14 !   Orc:2 }[!(   Depths:2 !

Portals:
Hell: Depths:2 Depths:5
Abyss: Depths:4
Pandemonium: Depths:4
Trove: Depths:3 (give +4 demon whip)

Annotations:
Lair:3 exclusion: ice statue
Swamp:4 exclusion: oklob plant
Depths:4 exclusion: obsidian statue


Innate Abilities, Weirdness & Mutations

You are resistant to damage.
You can heal yourself by infusing magical energy.
You resist negative energy. (rN+)
You passively map a large area around you.
You do not regenerate.
You are clumsy. (Dex -2)
You are very dopey. (Int -4)
Your magical capacity is very low. (-20% MP)
You sometimes yell uncontrollably at your foes.
You are sometimes teleported next to monsters.
You are very weak. (Str -4)
Potions are poor at restoring your health.


Message History

You see here a +0 war axe.
There is an open door, spattered with blood here.
You see here a stone.
There is a stone staircase leading up here.
You climb upwards.
There is a stone staircase leading down here. 2 red devils and a balrug come into view.
The balrug is wielding a +1 demon whip of flaming.
You yell at the red devil!
A red devil comes into view.
It is wielding a +2 demon trident of venom.
There is a stone staircase leading up here.
You climb upwards.
There is a stone staircase leading down here.
(D) Dungeon (T) Temple (L) Lair (S) Swamp (N) Spider Nest (O) Orcish Mines (E) Elven Halls (V) Vaults (U) Depths (H) Hell (Z) Zot
Where to? (Enter - D:1 @ (x,y), ? - help)
There is an open door here.
There is a staircase leading out of the dungeon here.
You have escaped!

#######.########## #.#**
, , #.......4.....#..#
#.#
...............#.###>###
.....#.#.......##......
* ... #.#.#......#......
. #.#.##.....#......
#.#⌠.......#......
#######.#######..#.....(
.......@.........'......
#######.#######..#......
, ⌠#.#⌠.......#...... ,*
#(#.##.....#.#####
#.#,#......#.# * ,
#.#.......##.# ,
.........#.#.#
........#,.#.# ** ######
##.#


You could see an orange demon.

Vanquished Creatures
  5 juggernauts
  Bai Suzhen (Depths:3)
  A curse toe (Zot:4)
  A caustic shrike (Depths:4)
  5 golden dragons
  Nikola (Spider:2)
  3 liches
  6 tentacled monstrosities
  7 Orb Guardians
  2 quicksilver dragons
  3 tentacled starspawn
  2 Executioners (Depths:5)
  Agnes (D:15)
  2 death cobs
  3 thorn hunters
  2 shadow dragons
  4 storm dragons
  4 draconian monks (Zot:2)
  A draconian knight (Depths:5)
  3 fire giants (Depths:5)
  4 frost giants
  2 ghost moths (Spider:4)
  2 draconian shifters (Zot:2)
  A draconian scorcher (Zot:3)
  5 emperor scorpions
  2 cacodemons (Abyss:1)
  2 angels
  An ironheart preserver (D:14)
  A draconian annihilator (Zot:4)
  2 ophanim (Abyss:3)
  2 entropy weavers (Spider:2)
  Nessos (Lair:4)
  11 very ugly things
  4 grey draconians (Zot:2)
  2 black draconians
  6 stone giants
  4 vampire knights
  A deep elf demonologist (Depths:5)
  2 green draconians
  A white draconian (Zot:4)
  8 red draconians
  A yellow draconian (Zot:3)
  A deep elf annihilator (Depths:5)
  8 spark wasps
  2 purple draconians (Depths:5)
  3 ettins (Depths:3)
  A blizzard demon (Abyss:1)
  Josephine (D:12)
  A merfolk impaler (Depths:1)
  2 jiangshi (Depths:5)
  2 deep elf high priests (Depths:5)
  5 great orbs of eyes
  3 ogre magi
  2 rakshasas
  A yaktaur captain (Depths:1)
  5 fire dragons
  4 ice dragons
  14 hydras
  2 shambling mangroves
  A spriggan air mage (Depths:3)
  7 centaur warriors
  A monstrous demonspawn (Depths:4)
  2 ghost crabs
  21 two-headed ogres
  3 dancing weapons (Abyss:3)
  2 tengu warriors (D:13)
  4 alligators
  3 deep troll earth magi
  A vampire mage (Depths:5)
  3 death yaks (Lair:4)
  5 deep troll shamans
  2 hell hogs (Abyss:2)
  2 thrashing horrors
  2 spriggan berserkers
  A sun demon (D:7)
  2 iron trolls
  8 hell knights
  A spatial maelstrom (Abyss:3)
  7 wretched stars
  2 shadow wraiths (Abyss:3)
  4 sixfirhies (Abyss:1)
  2 shadow demons
  4 unseen horrors
  13 deep trolls
  2 deep elf archers (Depths:5)
  2 cherubim (Abyss:3)
  A torturous demonspawn (Depths:4)
  25 starcursed masses
  A wizard (Depths:2)
  7 skeletal warriors
  6 flayed ghosts
  Pikel (D:4)
  3 glowing orange brains
  A spectral hydra (Swamp:4)
  An orc knight (Orc:1)
  3 swamp dragons (Swamp:4)
  A phantasmal warrior (Swamp:4)
  5 necromancers
  A wolf spider zombie (D:15)
  14 ugly things
  4 manticores
  21 wolf spiders
  A fire giant zombie (D:15)
  An orc sorcerer (Orc:1)
  6 draconians (Zot:2)
  3 deep elf magi
  4 worldbinders
  A frost giant zombie (Abyss:2)
  An iron dragon zombie (Abyss:1)
  10 orb spiders
  A cyclops (Orc:2)
  9 moths of wrath
  2 salamanders (Depths:4)
  A frost giant skeleton (D:15)
  Joseph (D:7)
  A rust devil (Abyss:1)
  An apocalypse crab (Abyss:2)
  A torpor snail (Spider:4)
  An eye of devastation (shapeshifter) (Depths:5)
  Maurice (D:10)
  2 smoke demons
  An orange demon (Abyss:1)
  2 gargoyles
  7 cane toads
  5 komodo dragons
  A kobold demonologist (D:14)
  3 centaur skeletons
  A hellion (Depths:4)
  2 efreet
  A rime drake (Lair:4)
  2 freezing wraiths (Swamp:4)
  11 demonic crawlers
  5 yaktaurs (Depths:1)
  A tengu conjurer (Depths:5)
  A redback zombie (D:14)
  6 ancient zymes
  A tormentor (Zot:3)
  2 hellwings (Abyss:1)
  A queen bee (Spider:4)
  19 trolls
  18 hornets
  6 meliai
  2 tyrant leeches
  3 polar bears (Lair:3)
  4 blink frogs (Lair:4)
  22 jumping spiders
  4 hydra zombies (Swamp:4)
  16 slime creatures
  6 bog bodies
  8 raiju
  Prince Ribbit (D:9)
  A death drake skeleton (Swamp:4)
  8 hippogriffs
  A deep troll skeleton (D:15)
  2 flying skulls (Abyss:1)
  3 shadows
  53 redbacks
  An ice dragon skeleton (D:15)
  2 spriggans
  29 tarantellas
  3 wyverns
  29 yaks
  5 ynoxinuls
  7 wraiths
  Eustachio (D:4)
  2 basilisks
  6 water elementals
  3 chaos spawn
  16 vampire mosquitoes
  A steam dragon (D:9)
  6 neqoxecs
  Menkaure (D:4)
  A harpy simulacrum (D:14)
  An insubstantial wisp (Abyss:1)
  3 wargs
  3 acid dragons
  15 large abominations
  11 swamp worms
  5 hydra simulacra (Swamp:4)
  6 water moccasins
  A floating eye (Depths:5)
  A hell hound (Zot:4)
  3 porcupines
  14 swamp drakes
  21 orc warriors
  6 sky beasts
  2 black bears
  2 necrophages
  2 phantoms
  An eye of draining (D:15)
  11 ice beasts
  28 ogres
  A swamp dragon zombie (Swamp:4)
  A tengu (shapeshifter) (D:15)
  25 centaurs
  12 small abominations
  12 crocodiles
  4 swamp dragon skeletons (Swamp:4)
  4 big kobolds (D:14)
  20 bullfrogs
  A gnoll sergeant (D:13)
  A wyvern zombie (D:14)
  A wyvern skeleton (D:8)
  6 scorpions
  15 wights
  35 killer bees
  4 electric eels
  2 howler monkeys (D:9)
  4 centaur zombies
  3 quasits
  9 jellies
  20 orc priests
  10 hounds
  3 iron imps
  A bullfrog skeleton (D:5)
  A gnoll shaman (D:6)
  25 orc wizards
  Ijyb (D:4)
  Terence (D:2)
  5 iguanas
  17 worker ants
  A bullfrog simulacrum (D:9)
  A hound zombie (D:5)
  2 howler monkey skeletons
  8 gnolls
  13 adders
  5 shadow imps
  7 white imps
  4 ufetubi
  An ooze (D:4)
  6 adder skeletons
  An adder zombie (D:5)
  3 worms
  9 leopard geckos
  75 orcs
  A ball python (D:5)
  2 bats
  3 giant cockroaches (D:5)
  7 goblins (D:4)
  2 hobgoblins
  13 jackals
  2 quokkas
  4 frilled lizards
  7 kobolds
  5 rats (D:2)
  2 crawling corpses (Depths:5)
  6 starspawn tentacles
1342 creatures vanquished.

Vanquished Creatures (collateral kills)
  A hydra (D:11)
1 creature vanquished.

Vanquished Creatures (others)
  A draconian knight (Zot:3)
  An alligator (Swamp:4)
  A deep troll (Depths:5)
  A tyrant leech (Swamp:4)
  A wyvern (D:14)
  A floating eye (Depths:5)
  26 fungi
  A lurking horror (Abyss:3)
  79 plants
  5 starspawn tentacles
  14 withered plants
131 creatures vanquished.

Grand Total: 1474 creatures vanquished

Notes
Turn   | Place    | Note
-------+----------+-------------------------------------------
     0 | D:1      | Flugslaktarn the Deep Dwarf Fighter began the quest for the
                  | Orb.
     0 | D:1      | Reached XP level 1. HP: 20/20 MP: 1/1
    92 | D:2      | Noticed Terence
   102 | D:2      | Killed Terence
   102 | D:2      | Reached skill level 3 in Fighting
   102 | D:2      | Reached XP level 2. HP: 22/28 MP: 2/2
   102 | D:2      | Reached XP level 3. HP: 27/34 MP: 3/3
   334 | D:2      | Reached XP level 4. HP: 23/42 MP: 4/4
   522 | D:4      | Noticed Pikel
   522 | D:4      | Noticed a lemure
   522 | D:4      | Noticed a lemure
   522 | D:4      | Noticed a lemure
   522 | D:4      | Noticed a lemure
   537 | D:4      | Killed Pikel
   537 | D:4      | Reached skill level 4 in Fighting
   537 | D:4      | Reached skill level 5 in Axes
   537 | D:4      | Reached XP level 5. HP: 43/51 MP: 4/4
   537 | D:4      | Reached XP level 6. HP: 51/60 MP: 5/5
   537 | D:4      | Reached XP level 7. HP: 56/66 MP: 6/6
   599 | D:4      | Noticed Menkaure
   609 | D:4      | Killed Menkaure
   609 | D:4      | Reached skill level 5 in Fighting
   609 | D:4      | Reached skill level 5 in Shields
   637 | D:4      | Reached skill level 5 in Armour
   876 | D:4      | Noticed Eustachio
   883 | D:4      | Killed Eustachio
   883 | D:4      | Reached XP level 8. HP: 58/75 MP: 7/7
  1214 | D:4      | Noticed Ijyb
  1219 | D:4      | Killed Ijyb
  1310 | D:5      | Entered Level 5 of the Dungeon
  1378 | D:5      | Found a staircase to the Ecumenical Temple.
  1387 | Temple   | Entered the Ecumenical Temple
  1624 | Temple   | Became a worshipper of Makhleb the Destroyer
  1896 | D:5      | Reached skill level 6 in Fighting
  1896 | D:5      | Reached skill level 1 in Invocations
  1998 | D:5      | Reached skill level 1 in Evocations
  2104 | D:5      | Reached * piety under Makhleb
  2471 | D:6      | Gained mutation: You passively map the area around you.
                  | [Deep Dwarf growth]
  2471 | D:6      | Reached XP level 9. HP: 60/85 MP: 9/9
  2554 | D:6      | Found a shattered altar of Ashenzari.
  2636 | D:6      | Reached ** piety under Makhleb
  2670 | D:6      | Reached skill level 7 in Fighting
  2704 | D:6      | Found a shadowy altar of Dithmenos.
  3034 | D:7      | Noticed Joseph
  3045 | D:7      | Killed Joseph
  3291 | D:7      | Found an ornate altar of the Wu Jian Council.
  3302 | D:7      | Got a slimy jade amulet
  3344 | D:7      | Reached *** piety under Makhleb
  3444 | D:8      | Reached XP level 10. HP: 96/96 MP: 11/11
  3457 | D:8      | Noticed a two-headed ogre
  3467 | D:8      | Killed a two-headed ogre
  3523 | D:8      | Reached skill level 5 in Invocations
  3523 | D:8      | Reached skill level 5 in Evocations
  3809 | D:8      | Noticed a two-headed ogre
  3816 | D:8      | Killed a two-headed ogre
  3816 | D:8      | Reached skill level 8 in Fighting
  3908 | D:9      | Found Voref Awkafy's Antique Weapon Emporium.
  3942 | D:9      | Noticed Prince Ribbit
  3950 | D:9      | Killed Prince Ribbit
  4057 | D:9      | Noticed a two-headed ogre
  4067 | D:9      | Killed a two-headed ogre
  4067 | D:9      | Reached skill level 10 in Axes
  4103 | D:9      | Reached **** piety under Makhleb
  4136 | D:9      | Reached XP level 11. HP: 103/104 MP: 13/13
  4411 | D:9      | Found a glowing golden altar of the Shining One.
  4411 | D:9      | Found a hide-covered altar of Uskayaw.
  4419 | D:9      | Found a shadowy altar of Dithmenos.
  4421 | D:9      | Found an ancient bone altar of Kikubaaqudgha.
  4422 | D:9      | Found a radiant altar of Vehumet.
  4474 | D:9      | Reached skill level 9 in Fighting
  4692 | D:9      | Identified the amulet "Licilesk" {Spirit +Inv SInv} (You
                  | found it on level 7 of the Dungeon)
  4718 | D:9      | Identified a scroll of acquirement
  4718 | D:9      | Acquired a +0 helmet of intelligence
  4835 | D:10     | Entered Level 10 of the Dungeon
  4855 | D:10     | Noticed Maurice
  4869 | D:10     | Killed Maurice
  5885 | D:11     | Found a staircase to the Lair.
  5889 | D:11     | Reached ***** piety under Makhleb
  5986 | D:11     | Killed an unseen horror
  6331 | D:11     | Noticed a two-headed ogre
  6340 | D:11     | Killed a two-headed ogre
  6578 | D:11     | Noticed a five-headed hydra
  6591 | D:11     | Killed a nine-headed hydra
  6691 | D:12     | Noticed Josephine
  6699 | D:12     | Reached XP level 12. HP: 52/116 MP: 15/15
  6704 | D:12     | Killed Josephine
  6704 | D:12     | Reached skill level 10 in Fighting
  6794 | D:12     | Noticed a two-headed ogre
  6802 | D:12     | Killed a two-headed ogre
  6830 | D:12     | Reached skill level 1 in Dodging
  6859 | D:12     | Found Koaliqea's Distillery.
  6865 | D:12     | Bought 2 potions of mutation for 256 gold pieces
  6865 | D:12     | Bought a potion of mutation for 128 gold pieces
  6930 | D:12     | Noticed a two-headed ogre
  6941 | D:12     | Killed a two-headed ogre
  7004 | D:12     | Found a staircase to the Orcish Mines.
  7296 | D:12     | Noticed a two-headed ogre
  7302 | D:12     | Killed a two-headed ogre
  7336 | D:12     | Noticed a four-headed hydra
  7348 | D:12     | Killed a ten-headed hydra
  7467 | D:13     | Reached ****** piety under Makhleb
  7503 | D:13     | You fall into a shaft and drop 2 floors!
  7503 | D:15     | Entered Level 15 of the Dungeon
  7613 | D:14     | Found Ruge's Distillery.
  7743 | D:13     | Reached XP level 13. HP: 126/126 MP: 16/16
  7892 | D:13     | Reached skill level 11 in Fighting
  8021 | D:13     | Found Ranumeps's Assorted Antiques.
  8048 | D:13     | Got a shimmering cloak
  8049 | D:13     | Identified the +0 cloak of the Boiling Point {rC+} (You
                  | found it on level 13 of the Dungeon)
  8556 | D:13     | Bought a golden potion for 26 gold pieces
  8783 | D:14     | Found a bloodstained altar of Trog.
  8817 | D:14     | Found a basalt altar of Yredelemnul.
  8900 | D:14     | Reached skill level 10 in Armour
  8949 | D:14     | Reached skill level 10 in Shields
  8964 | D:14     | Reached skill level 10 in Evocations
  9094 | D:14     | Reached skill level 10 in Invocations
  9175 | D:14     | Noticed an ironheart preserver
  9187 | D:14     | Killed an ironheart preserver
  9190 | D:14     | Reached skill level 5 in Dodging
  9191 | D:14     | Found a gate to the Vaults.
  9239 | D:14     | Gained mutation: You resist negative energy. (rN+) [Deep
                  | Dwarf growth]
  9239 | D:14     | Reached XP level 14. HP: 136/136 MP: 18/18
  9557 | D:15     | Found a staircase to the Depths.
  9560 | D:15     | Reached skill level 12 in Fighting
 10084 | D:15     | Noticed Agnes
 10097 | D:15     | Killed Agnes
 10114 | D:15     | Found an opulent altar of Gozag.
 10684 | Lair:1   | Entered Level 1 of the Lair of Beasts
 12151 | Lair:4   | Noticed Nessos
 12172 | Lair:4   | Killed Nessos
 12220 | Lair:4   | Found a hole to the Spider Nest.
 12605 | Lair:4   | Found a staircase to the Swamp.
 12624 | Swamp:1  | Entered Level 1 of the Swamp
 12662 | Swamp:1  | Acquired 390 gold pieces
 12677 | Swamp:2  | Noticed a tentacled monstrosity
 12677 | Swamp:2  | You fall into a shaft and drop 1 floor!
 12706 | Swamp:3  | Noticed a thorn hunter
 12720 | Swamp:3  | Killed a thorn hunter
 12779 | Swamp:3  | Reached XP level 15. HP: 117/146 MP: 19/19
 12948 | Swamp:4  | Entered Level 4 of the Swamp
 13000 | Swamp:4  | Reached skill level 13 in Fighting
 13166 | Swamp:4  | Reached skill level 15 in Axes
 13195 | Swamp:4  | Noticed a thorn hunter
 13218 | Swamp:4  | Killed a thorn hunter
 13237 | Swamp:4  | Noticed a thorn hunter
 13247 | Swamp:4  | Found a basalt altar of Yredelemnul.
 13248 | Swamp:4  | Paralysed by something for 2 turns
 13476 | Swamp:4  | Acquired a +1 crystal plate armour
 13749 | Swamp:4  | Paralysed by a vampire knight for 6 turns
 13768 | Swamp:4  | Got a decaying rune of Zot
 13847 | Swamp:3  | Noticed a thorn hunter
 13862 | Swamp:3  | Killed a thorn hunter
 13970 | Spider:1 | Entered Level 1 of the Spider Nest
 14169 | Spider:2 | Reached XP level 16. HP: 150/158 MP: 19/19
 14172 | Spider:2 | Paralysed by a hornet for 2 turns
 14277 | Spider:2 | Noticed Nikola
 14297 | Spider:2 | Killed Nikola
 14297 | Spider:2 | Reached skill level 14 in Fighting
 14591 | Spider:4 | Entered Level 4 of the Spider Nest
 15065 | Spider:4 | Reached XP level 17. HP: 130/168 MP: 6/21
 15075 | Spider:4 | Got a gossamer rune of Zot
 15385 | Depths:1 | Entered Level 1 of the Depths
 15547 | Orc:1    | Entered Level 1 of the Orcish Mines
 15900 | Orc:2    | Entered Level 2 of the Orcish Mines
 16372 | Orc:2    | Found a staircase to the Elven Halls.
 16388 | Orc:2    | Found Raqixos's Armour Shop.
 16403 | Orc:2    | Found Woedy's Antique Weapon Boutique.
 16441 | Orc:2    | Reached skill level 15 in Fighting
 16448 | Orc:2    | Found Ide Anos's Gadget Shoppe.
 16476 | Orc:2    | Found Rellaxtu's Distillery.
 16484 | Orc:2    | Bought a potion of heal wounds for 65 gold pieces
 16484 | Orc:2    | Bought a potion of mutation for 104 gold pieces
 16637 | D:14     | Bought a potion of resistance for 160 gold pieces
 16637 | D:14     | Bought a potion of invisibility for 128 gold pieces
 16637 | D:14     | Bought a potion of heal wounds for 80 gold pieces
 16886 | Depths:2 | Found a gateway to Hell.
 16900 | Depths:2 | Found Jazyf's Distillery.
 16905 | Depths:2 | Bought 2 potions of resistance for 260 gold pieces
 16905 | Depths:2 | Bought a potion of heal wounds for 65 gold pieces
 16905 | Depths:2 | Bought a potion of might for 52 gold pieces
 16935 | Depths:3 | Noticed Bai Suzhen
 16957 | Depths:3 | Killed Bai Suzhen
 16968 | Depths:3 | Found a portal to a secret trove of treasure.
 17271 | Depths:4 | Found a one-way gate leading to the halls of Pandemonium.
 17308 | Depths:4 | Gained mutation: You passively map a large area around you.
                  | [Deep Dwarf growth]
 17308 | Depths:4 | Reached XP level 18. HP: 164/178 MP: 22/22
 17338 | Depths:5 | Entered Level 5 of the Depths
 17590 | Depths:5 | Noticed a lich
 17599 | Depths:5 | Killed a lich
 17689 | Depths:5 | Reached skill level 10 in Dodging
 17704 | Depths:5 | Noticed a juggernaut
 17708 | Depths:5 | Noticed a juggernaut
 17728 | Depths:5 | Killed a juggernaut
 17728 | Depths:5 | Reached skill level 16 in Fighting
 17730 | Depths:5 | Reached skill level 15 in Invocations
 17733 | Depths:5 | Killed a juggernaut
 17749 | Depths:5 | Noticed a juggernaut
 17757 | Depths:5 | Paralysed by a floating eye for 2 turns
 17774 | Depths:5 | Killed a juggernaut
 17788 | Depths:5 | Noticed a golden dragon
 17816 | Depths:5 | Killed a golden dragon
 17816 | Depths:5 | Reached XP level 19. HP: 190/190 MP: 24/24
 17934 | Depths:5 | Found a gate to the Realm of Zot.
 18171 | Depths:4 | Found a one-way gate to the infinite horrors of the Abyss.
 18303 | Depths:4 | Noticed a juggernaut
 18307 | Depths:4 | Reached skill level 17 in Fighting
 18309 | Depths:4 | Noticed a caustic shrike
 18329 | Depths:4 | Killed a caustic shrike
 18333 | Depths:4 | Killed a juggernaut
 18333 | Depths:4 | Reached skill level 15 in Armour
 18458 | Depths:4 | Voluntarily entered the Abyss.
 18764 | Abyss:1  | Reached skill level 15 in Shields
 19243 | Abyss:1  | Gained mutation: You are dopey. (Int -2) [a cacodemon]
 19246 | Abyss:1  | Gained mutation: You are agile. (Dex +2) [a cacodemon]
 19249 | Abyss:1  | Gained mutation: You are very dopey. (Int -4) [a cacodemon]
 19271 | Abyss:1  | Gained mutation: Your magical capacity is low. (-10% MP) [a
                  | neqoxec]
 19435 | Abyss:1  | Lost mutation: You are agile. (Dex +2) [a cacodemon]
 19531 | Abyss:1  | Found a corrupted altar of Lugonu.
 19704 | Abyss:2  | Reached skill level 18 in Fighting
 19898 | Abyss:2  | Gained mutation: You are very weak. (Str -4) [a neqoxec]
 19899 | Abyss:2  | Gained mutation: Your magical capacity is very low. (-20%
                  | MP) [a neqoxec]
 19906 | Abyss:2  | Reached XP level 20. HP: 183/183 MP: 18/18
 19956 | Abyss:2  | Paralysed by accursed screaming for 1 turns
 20323 | Abyss:3  | Paralysed by accursed screaming for 1 turns
 20437 | Abyss:3  | Gained mutation: Potions are less effective at restoring
                  | your health. [a neqoxec]
 20443 | Abyss:3  | Found a glowing golden altar of the Shining One.
 20516 | Abyss:3  | Noticed a juggernaut
 20534 | Abyss:3  | Killed a juggernaut
 20538 | Abyss:3  | Got an abyssal rune of Zot
 20577 | Depths:4 | Escaped the Abyss
 20867 | Zot:1    | Entered Level 1 of the Realm of Zot
 20913 | Zot:2    | Noticed a golden dragon
 20934 | Zot:2    | Killed a golden dragon
 21015 | Zot:2    | Got a heavily runed marble ring
 21071 | Zot:2    | Reached skill level 19 in Fighting
 21181 | Zot:3    | Noticed a golden dragon
 21198 | Zot:3    | Killed a golden dragon
 21287 | Zot:4    | Noticed a curse toe
 21342 | Zot:4    | Killed a curse toe
 21552 | Zot:4    | Noticed a golden dragon
 21553 | Zot:4    | Noticed a golden dragon
 21590 | Zot:4    | Killed a golden dragon
 21599 | Zot:4    | Killed a golden dragon
 21599 | Zot:4    | Reached XP level 21. HP: 203/218 MP: 16/16
 21618 | Zot:5    | Entered Level 5 of the Realm of Zot
 21708 | Zot:5    | Noticed an orb of fire
 21708 | Zot:5    | Noticed an orb of fire
 21709 | Zot:5    | Noticed an orb of fire
 21709 | Zot:5    | Noticed a Killer Klown
 21709 | Zot:5    | Noticed an orb of fire
 21709 | Zot:5    | Noticed an orb of fire
 21709 | Zot:5    | Gained mutation: You are clumsy. (Dex -2) [an orb of fire]
 21710 | Zot:5    | Gained mutation: You are very weak. (Str -4) [an orb of
                  | fire]
 21710 | Zot:5    | Gained mutation: You occasionally shout uncontrollably at
                  | your foes. [an orb of fire]
 21710 | Zot:5    | Gained mutation: You sometimes yell uncontrollably at your
                  | foes. [an orb of fire]
 21717 | Zot:5    | Got the Orb of Zot
 21723 | Zot:5    | Gained mutation: You are occasionally teleported next to
                  | monsters. [an orb of fire]
 21723 | Zot:5    | Gained mutation: Potions are poor at restoring your health.
                  | [an orb of fire]
 21724 | Zot:5    | Gained mutation: You are sometimes teleported next to
                  | monsters. [an orb of fire]
 21868 | Zot:3    | Reached skill level 20 in Fighting
 22263 | Depths:1 | Paralysed by a vampire knight for 2 turns
 22839 | D:$      | Escaped with the Orb!

Illustrated notes

Levels and vault maps discovered:
D:1:      matt_arrival_grand_opening, layout_basic
D:2:      wad_river_or_something, layout_basic, st_stairs_3,
          corexii_corridor_pit, uniq_crazy_yiuf_cottage, uniq_terence
D:3:      layout_basic, lemuel_crystal_altar, minmay_tree_intersection
D:4:      kennysheep_goblin_castle, layout_basic, minmay_starry_boxes,
          uniq_pikel, uniq_eustachio, uniq_menkaure
D:5:      cheibrodos_barr_body, layout_basic, minmay_temple_entry_proselytizer
D:6:      layout_cave_pools, nicolae_overflow_hidden_temple,
          grunt_dithmenos_shadows
D:7:      layout_rooms, nicolae_overflow_crystal_walls, uniq_joseph
D:8:      layout_basic
D:9:      minmay_the_grid_octo_tiled_squarecenter [minmay_the_grid_octo_clover,
          minmay_the_grid_octo_toaster, minmay_the_grid_octo_empty,
          minmay_the_grid_octo_odd_swirl,
          minmay_the_grid_square_5x5_megaprize_checkered,
          minmay_the_grid_square_5x5_n_small, minmay_the_grid_square_5x5_three,
          minmay_the_grid_square_5x5_inner_z, minmay_the_grid_square_5x5_z],
          layout_rooms, chequers_temple_overflow_minitemple, serial_shops,
          nicolae_shop_waterfront, uniq_prince_ribbit1
D:10:     layout_grid_maze, minmay_misc_feat_doors, uniq_maurice
D:11:     layout_cave_pods, due_lair_maze_entry_diamond
D:12:     layout_irregular_city, orc_0_dummy, serial_shops, shop, uniq_josephine
D:13:     layout_basic, serial_shops, shop
D:14:     layout_basic, skrybe_vaults_entry_preservation,
          yredelemnul_altar_generic, serial_shops, nicolae_shop_behind_doors,
          basic_altar, lemuel_flamethrower_hall
D:15:     gammafunk_depths_entry_grave, layout_loops_ring,
          nicolae_gozag_cash_rules_everything_around_me, minmay_misc_feat_tower,
          water_maze_lemuel, uniq_agnes
Temple:   dpeg_chambers_temple
Lair:1:   layout_small_grid, beast_lair_carwin_11
Lair:2:   layout_regular_city, infiniplex_staircase_pool_2
Lair:3:   layout_cave_shapes, chequers_serial_rivers_large_a, ice2_lemuel
Lair:4:   layout_long_grid, nicolae_swamp_entry_splash_gauntlet,
          dummy_spider_entry, serial_rivers, chequers_serial_rivers_micro_d,
          chequers_serial_rivers_micro_a, chequers_serial_rivers_small_b,
          chequers_serial_rivers_micro_d, chequers_serial_rivers_micro_d,
          chequers_serial_rivers_room_b, chequers_serial_rivers_small_a,
          uniq_nessos
Swamp:1:  layout_basic_swamp, evilmike_swamp_ruin_rubble_1,
          infiniplex_staircase_pool
Swamp:2:  layout_falls_marsh, hangedman_swamp_lotus
Swamp:3:  layout_basic_swamp, evilmike_swamp_ruin_house_4
Swamp:4:  byrel_swamp_growth_death_and_undeath, layout_basic_swamp, swamp_pool2,
          hangedman_swamp_pad
Spider:1: layout_spider_delve
Spider:2: layout_spider_delve, uniq_nikola
Spider:3: layout_chambers
Spider:4: spider_rune_water, nicolae_looking_at_the_future
Orc:1:    layout_diamond_mine
Orc:2:    st_orc_open, layout_diamond_mine
Depths:1: layout_long_grid, hell_entry, minmay_variable_closet,
          nicolae_ashenzari_panopticon, kennysheep_random_hallway
Depths:2: emtedronai_trogs_sanctum, layout_gridlike, enter_ziggurat_e,
          hell_entry, serial_sigils, serial_sigils_hangedman_carve,
          serial_sigils_hangedman_gnaw, serial_sigils_hangedman_writhe,
          serial_sigils_hangedman_scratch, serial_sigils_hangedman_shear,
          serial_sigils_hangedman_snap, serial_shops, shop, glass_columns_b,
          uniq_aizul
Depths:3: kennysheep_four_of_diamonds, layout_cave_shapes,
          pf_vacation_house_of_asmodeus, fountainhead, rand_demon_pan_entry_8,
          nicolae_trove_entry_crossroad, uniq_bai_suzhen
Depths:4: vault_1, layout_basic, hangedman_abyss_entry_splay,
          rand_demon_pan_entry_5, serial_sigils_hangedman_stare,
          grunt_hell_entry_dis_old
Depths:5: grunt_runaround [grunt_runaround_doors_1, grunt_runaround_doors_2,
          grunt_runaround_doors_3, grunt_runaround_doors_4,
          grunt_runaround_zot], hell_entry
Zot:1:    layout_twisted_circle, chequers_guarded_unrand_mask_of_the_dragon
Zot:2:    ebering_greatest_show_in_zot, layout_misc_corridors
Zot:3:    layout_twisted_circle, zot_minivault_4
Zot:4:    grunt_zot_stairs_overgrown, layout_basic
Zot:5:    layout_concentric_octagons, grunt_ministairs_4, st_stairs_13

Skill      XL: |  1  2  3  4  5  6  7  8  9 10 11 12 13 14 15 16 17 18 19 20 21 |
---------------+----------------------------------------------------------------+-----
Fighting       | 3 4 5 6 7 8 9 10 11 12 13 14 15 16 18 19 20 | 20.3
Axes           | 3 5 6 7 8 10 11 12 13 14 15 16 17 18 | 18.0
Armour         | 4 5 6 7 8 9 10 11 12 13 14 15 17 | 17.7
Shields        | 4 5 6 7 8 9 10 11 12 13 14 15 | 15.0
Invocations    | 2 4 6 7 9 10 11 12 13 14 15 | 15.0
Evocations     | 2 4 6 7 9 10 | 10.0
Dodging        | 3 5 6 8 9 10 11 | 11.0

Action                   |  1- 3 |  4- 6 |  7- 9 | 10-12 | 13-15 | 16-18 | 19-21 || total
-------------------------+-------+-------+-------+-------+-------+-------+-------++-------
Melee: War axe           |    54 |    23 |       |       |       |       |       ||    77
       Broad axe         |       |    22 |   278 |   591 |  1149 |  1050 |  1501 ||  4591
Invok: Lesser Servant of |       |       |       |     2 |       |       |     2 ||     4
 Abil: Heal Wounds       |       |     1 |     5 |     3 |    10 |     4 |    41 ||    64
Evoke: Condenser vane    |       |       |       |       |     3 |     3 |     2 ||     8
       Wand              |       |       |       |       |     2 |       |     4 ||     6
  Use: Scroll            |       |       |    16 |     9 |    12 |     4 |    20 ||    61
       Potion            |       |       |       |       |     2 |     2 |     9 ||    13
 Stab: Distracted        |       |       |       |     1 |     1 |       |       ||     2
       Confused          |       |       |       |       |     4 |       |       ||     4
       Invisible         |       |       |       |       |       |       |     3 ||     3
Armor: Scale mail        |    30 |       |       |       |       |       |       ||    30
       Plate armour      |     4 |    46 |   256 |   548 |  1195 |       |       ||  2049
       Crystal plate arm |       |       |       |       |   197 |   802 |       ||   999
       Storm dragon scal |       |       |       |       |       |   153 |  1064 ||  1217
Dodge: Dodged            |    20 |     8 |    58 |   148 |   561 |   375 |   653 ||  1823
Block: Kite shield       |    40 |    33 |   194 |   368 |  1058 |   820 |  1027 ||  3540

Table legend: (Time is in decaauts)
 A = Elapsed time spent in this place.
 B = Non-inter-level travel time spent in this place.
 C = Inter-level travel time spent in this place.
 D = Time resting spent in this place.
 E = Time spent auto-exploring this place.
 F = Levels seen in this place.
 G = Mean time per level.
                   A        B        C        D        E       F      G
               +--------+--------+--------+--------+--------+-----+--------+
         Total |  22412 |  19781 |   2631 |    120 |  12217 |  43 |  521.2 |
       Dungeon |  11352 |   9935 |   1417 |      0 |   7074 |  15 |  756.8 |
        Temple |    264 |    231 |     33 |      0 |    229 |   1 |  264.0 |
          Lair |   2031 |   1822 |    209 |      0 |   1453 |   4 |  507.8 |
         Swamp |   1328 |   1179 |    149 |     65 |    407 |   4 |  332.0 |
   Spider Nest |   1170 |    991 |    179 |      0 |    298 |   4 |  292.5 |
  Orcish Mines |   1000 |    968 |     32 |      0 |    731 |   2 |  500.0 |
        Depths |   2278 |   1816 |    462 |     27 |    804 |   5 |  455.6 |
           Zot |   1029 |    881 |    148 |     16 |    159 |   5 |  205.8 |
         Abyss |   1956 |   1956 |      0 |     12 |   1060 |   3 |  652.0 |
               +--------+--------+--------+--------+--------+-----+--------+

Top non-repeatable levels by time:
    D:15: 1295 daAuts
    D:13: 1284 daAuts
 Abyss:1: 1095 daAuts
    D:10: 1005 daAuts
    D:11: 987 daAuts
     D:9: 963 daAuts
     D:5: 933 daAuts
    D:14: 921 daAuts
    D:12: 897 daAuts
     D:4: 887 daAuts
 Swamp:4: 885 daAuts
Depths:5: 805 daAuts
Depths:4: 726 daAuts
  Lair:2: 724 daAuts
   Orc:2: 650 daAuts
